 Dungeon Crawl Stone Soup version 0.27-a0-1191-g601b473118 (webtiles) character file.

Game seed: 3281393271992935718

2748 leviel the Spear-Bearer (level 9, -4/70 HPs)
             Began as a Hill Orc Fighter on May 23, 2021.
             Was a Follower of Okawaru.
             Slain by a two-headed ogre
             ... wielding a +0 giant club
              (23 damage)
             ... on level 8 of the Dungeon.
             The game lasted 00:09:30 (7117 turns).

leviel the Spear-Bearer (Hill Orc Fighter)          Turns: 7117, Time: 00:09:32

Health: -4/70      AC: 13    Str: 28    XL:     9   Next: 68%
Magic:  9/9        EV:  7    Int:  8    God:    Okawaru [*.....]
Gold:   1463       SH:  5    Dex: 10    Spells: 8/8 levels left

rFire    . . .     SeeInvis .   v - +12 glaive of Prune {vorpal}
rCold    . . .     Faith    .   (shield currently unavailable)
rNeg     . . .     Spirit   .   q - +0 plate armour
rPois    +         Reflect  +   (no helmet)
rElec    .         Harm     .   m - +0 cloak
rCorr    .         Rampage  .   j - +0 pair of gloves
Will     .....                  (no boots)
Stlth    ..........             s - amulet of reflection
HPRegen  0.21/turn              l - +6 ring of strength
MPRegen  0.11/turn              n - ring of poison resistance

@: mighty, studying Armour
A: no striking features
a: Renounce Religion, Heroism


You were on level 8 of the Dungeon.
You worshipped Okawaru.
Okawaru was aware of your devotion.
You visited 2 branches of the dungeon, and saw 9 of its levels.

You collected 1463 gold pieces.

Inventory:

Hand Weapons
 a - a +0 war axe
 v - the +12 glaive of Prune (weapon) {vorpal}
   (You found it on level 5 of the Dungeon)

   It inflicts extra damage upon your enemies.
Armour
 c - a +0 kite shield
 j - a +0 pair of gloves (worn)
 m - a +0 cloak (worn)
 q - a +0 plate armour (worn)
Jewellery
 l - a +6 ring of strength (left hand)
 n - a ring of poison resistance (right hand)
 s - an amulet of reflection (around neck)
 z - a +4 ring of protection
Wands
 i - a wand of charming (5)
 y - a wand of iceblast (14)
 B - a wand of polymorph (8)
 E - a wand of flame (34)
 G - a wand of digging (5)
Scrolls
 b - a scroll of noise {unknown}
 e - 3 scrolls of fog {unknown}
 h - a scroll of brand weapon {unknown}
 k - 4 scrolls of teleportation {unknown}
 p - 7 scrolls of identify {unknown}
 t - 3 scrolls of enchant weapon {unknown}
 x - a scroll of torment {unknown}
 A - a scroll of immolation {unknown}
 C - a scroll of magic mapping {unknown}
 D - 2 scrolls of fear
Potions
 d - 2 potions of haste {unknown}
 f - 3 potions of heal wounds
 g - 3 potions of curing {unknown}
 o - a potion of invisibility {unknown}
 r - a potion of lignification {unknown}
 u - 3 potions of brilliance {unknown}
 w - a potion of degeneration {unknown}


   Skills:
 - Level 3.6 Fighting
 - Level 9.3(11.8) Axes
 + Level 10.2(11.2) Polearms
 - Level 3.2 Armour
 - Level 7.0 Shields


You had 8 spell levels left.
You didn't know any spells.
Your spell library contained the following spells:

 Spells                   Type           Power      Damage    Failure   Level
 Animate Skeleton         Necr           0%         N/A       99%         1
 Beastly Appendage        Tmut           0%         N/A       99%         1
 Corona                   Hex            0%         N/A       99%         1
 Freeze                   Ice            0%         1d3       99%         1
 Magic Dart               Conj           0%         1d3       99%         1
 Pain                     Necr           0%         1d4       99%         1
 Sting                    Tmut/Pois      0%         1d3       99%         1
 Ensorcelled Hibernation  Hex/Ice        0%         N/A       100%        2
 Poisonous Vapours        Pois/Air       0%         N/A       100%        2
 Searing Ray              Conj           0%         3d3       100%        2
 Wereblood                Tmut           0%         N/A       100%        2
 Confusing Touch          Hex            0%         N/A       100%        3
 Dazzling Flash           Conj/Hex       0%         N/A       100%        3
 Frozen Ramparts          Ice            0%         1d2       100%        3
 Ignite Poison            Fire/Tmut/Pois 0%         N/A       100%        3
 Mephitic Cloud           Conj/Pois/Air  0%         N/A       100%        3
 Ozocubu's Armour         Ice            0%         N/A       100%        3
 Spider Form              Tmut/Pois      0%         N/A       100%        3
 Tukima's Dance           Hex            0%         N/A       100%        3
 Vampiric Draining        Necr           0%         2d6       100%        3
 Animate Dead             Necr           0%         N/A       100%        4
 Fulminant Prism          Conj/Hex       0%         3d6       100%        4
 Hailstorm                Conj/Ice       0%         3d3       100%        4
 Ice Form                 Ice/Tmut       0%         N/A       100%        4
 Iskenderun's Mystic Bla  Conj/Tloc      0%         2d3       100%        4
 Olgreb's Toxic Radiance  Pois           0%         N/A       100%        4
 Agony                    Necr           0%         N/A       100%        5
 Hydra Form               Tmut           0%         N/A       100%        5
 Metabolic Englaciation   Hex/Ice        0%         N/A       100%        5


Dungeon Overview and Level Annotations

Branches:
Dungeon (8/15)             Temple (1/1) D:6
   Lair: D:8-11

Altars:
Dithmenos
Elyvilon
Fedhas
Gozag
Hepliaklqana
Kikubaaqudgha
Nemelex Xobeh
Okawaru
Qazlal
Ru
Vehumet
Wu Jian
Yredelemnul
Zin
The Shining One

Annotations:
D:6 2 transporters


Message History

No target in view!
No target in view!
No target in view!
No target in view!
No target in view!
No target in view!
No target in view!
No target in view!
No target in view!
No target in view!
No target in view!
No target in view!
You now have 1456 gold pieces (gained 4).
Found 14 stones.
Found an escape hatch in the floor.
You pick up a Young Poisoner's Handbook and begin reading...
You add the spells Sting, Poisonous Vapours, Mephitic Cloud, Ignite Poison and Olgreb's Toxic Radiance to your library.
No target in view!
You now have 1463 gold pieces (gained 7).
A two-headed ogre comes into view. It is wielding two +0 giant clubs.
The two-headed ogre shouts in stereo!
A two-headed ogre is nearby!
A two-headed ogre is nearby!
You see here 3 gold pieces.
You slash the two-headed ogre!
The two-headed ogre is lightly wounded.
The two-headed ogre hits you with a +0 giant club!
You block the two-headed ogre's attack.
It was a potion of heal wounds.
You feel much better.
The two-headed ogre hits you with a +0 giant club!!
The two-headed ogre completely misses you.
You feel very mighty all of a sudden. The two-headed ogre closely misses you.
The two-headed ogre hits you with a +0 giant club!
You closely miss the two-headed ogre.
The two-headed ogre is lightly wounded.
The two-headed ogre hits you with a +0 giant club!
* * * LOW HITPOINT WARNING * * *
The two-headed ogre hits you with a +0 giant club!!
You die...

#................#
#................#
####.....######.##
#.....# ..#
#.>...#######.##
#..............#
#..............#
#..............#
#..........@O$.#
#.....########..#
#.....# #.#
#.....# ..#
#.....# .# #######
.# . ..


You could see a two-headed ogre.

Vanquished Creatures
  A water moccasin (D:6)
  A black bear (D:7)
  A necrophage (D:2)
  An ice beast (D:6)
  A sky beast (D:5)
  An ogre (D:7)
  2 bullfrogs
  A gnoll sergeant (D:7)
  4 scorpions
  A wyvern skeleton (D:6)
  9 killer bees
  7 wights
  A howler monkey (D:6)
  5 centaur zombies
  2 bullfrog zombies
  3 hounds
  2 bullfrog skeletons
  Jessica (D:2)
  2 gnoll shamans (D:6)
  7 iguanas
  2 orc wizards (D:7)
  A killer bee zombie (D:7)
  Robin (D:2)
  5 adders
  13 gnolls
  A white imp (D:6)
  An ufetubus (D:6)
  2 worms
  A dart slug (D:4)
  8 orcs
  4 bats
  9 endoplasms
  4 giant cockroaches
  14 goblins
  5 hobgoblins
  6 jackals (D:4)
  A quokka (D:1)
  6 ball pythons
  5 frilled lizards
  6 kobolds
  A rat (D:2)
149 creatures vanquished.

Vanquished Creatures (others)
  3 plants (D:1)
3 creatures vanquished.

Grand Total: 152 creatures vanquished

Notes
Turn   | Place    | Note
-------+----------+-------------------------------------------
     0 | D:1      | leviel the Hill Orc Fighter began the quest for the Orb.
     0 | D:1      | Reached XP level 1. HP: 19/19 MP: 1/1
   245 | D:1      | Reached XP level 2. HP: 26/26 MP: 2/2
   961 | D:2      | Reached XP level 3. HP: 26/31 MP: 3/3
  1040 | D:2      | Found a faded altar of an unknown god.
  1041 | D:2      | Noticed Jessica
  1042 | D:2      | Noticed a necrophage
  1082 | D:2      | Killed a necrophage
  1083 | D:2      | Reached skill level 5 in Axes
  1083 | D:2      | Reached XP level 4. HP: 15/39 MP: 4/4
  1083 | D:2      | Reached XP level 5. HP: 17/45 MP: 5/5
  1088 | D:2      | Killed Jessica
  1089 | D:2      | Reached skill level 5 in Shields
  1365 | D:2      | Noticed Robin
  1377 | D:2      | Killed Robin
  2519 | D:4      | Reached XP level 6. HP: 8/51 MP: 6/6
  3008 | D:4      | Identified 2 scrolls of acquirement
  3008 | D:4      | Acquired 1150 gold pieces
  3009 | D:4      | Acquired a manual of Armour
  3765 | D:4      | Reached XP level 7. HP: 54/57 MP: 7/7
  4095 | D:5      | Entered Level 5 of the Dungeon
  4677 | D:5      | Found the +12 glaive of Prune {vorpal}
  4742 | D:5      | Reached XP level 8. HP: 64/64 MP: 8/8
  5038 | D:6      | Found a transporter.
  5038 | D:6      | Found a transporter.
  5038 | D:6      | Noticed a kobold demonologist
  5108 | D:6      | Reached skill level 2 in Polearms
  5146 | D:6      | Reached skill level 3 in Polearms
  5215 | D:6      | Reached skill level 4 in Polearms
  5227 | D:6      | Reached skill level 5 in Polearms
  5333 | D:6      | Found a staircase to the Ecumenical Temple.
  5380 | Temple   | Entered the Ecumenical Temple
  5725 | D:6      | Reached skill level 6 in Polearms
  6111 | D:6      | Found an iron altar of Okawaru.
  6216 | D:6      | Became a worshipper of Warmaster Okawaru
  6292 | D:7      | Reached skill level 7 in Polearms
  6294 | D:7      | Reached XP level 9. HP: 63/70 MP: 9/9
  6364 | D:7      | Reached skill level 8 in Polearms
  6566 | D:7      | Reached * piety under Okawaru
  6590 | D:7      | Reached skill level 9 in Polearms
  7003 | D:8      | Reached skill level 10 in Polearms
  7110 | D:8      | Noticed a two-headed ogre
  7117 | D:8      | Slain by a two-headed ogre

Illustrated notes

Levels and vault maps discovered:
D:1:      tarquinn_simple_flora_water_a, layout_basic, hex_tiny
D:2:      layout_basic, basic_ecumenical_altar, minmay_crystal_room,
          kennysheep_generic_room_9, uniq_jessica, uniq_robin
D:3:      minmay_spotlight, layout_rooms, serial_glass, glass_columns_c,
          glass_columns_a, minmay_strange_pillars, minmay_strange_pillars,
          item_on_display_a
D:4:      layout_basic, uniq_crazy_yiuf_cottage
D:5:      layout_loops_corners
D:6:      gammafunk_wand_slinger, layout_loops_ring, okawaru_altar_gauntlet_db,
          minmay_temple_entry_offerings
D:7:      layout_rooms, st_stairs_12
D:8:      layout_basic, grunt_ministairs_8, uniq_maggie
Temple:   dpeg_chambers_temple

Skill      XL: |  1  2  3  4  5  6  7  8  9 |
---------------+----------------------------+-----
Axes           | 3 5 6 7 9 |  9.3
Shields        | 4 5 6 7 |  7.0
Polearms       | 7 10 | 10.2
Fighting       | |  3.6
Armour         | |  3.2

Action                   |  1- 3 |  4- 6 |  7- 9 || total
-------------------------+-------+-------+-------++-------
Melee: War axe           |    79 |   159 |    75 ||   313
       Glaive            |       |       |   141 ||   141
  Use: Potion            |     1 |       |     2 ||     3
       Scroll            |       |     3 |       ||     3
Armor: Scale mail        |    57 |    28 |       ||    85
       Plate armour      |       |    59 |   109 ||   168
Dodge: Dodged            |    32 |    40 |    70 ||   142
Block: Kite shield       |    57 |    88 |    70 ||   215
       Other             |       |       |    26 ||    26
       Reflection        |       |       |     3 ||     3

Table legend: (Time is in decaauts)
 A = Elapsed time spent in this place.
 B = Non-inter-level travel time spent in this place.
 C = Inter-level travel time spent in this place.
 D = Time resting spent in this place.
 E = Time spent auto-exploring this place.
 F = Levels seen in this place.
 G = Mean time per level.
                   A        B        C        D        E       F      G
               +--------+--------+--------+--------+--------+-----+--------+
         Total |   7280 |   6889 |    391 |   1658 |   4180 |   9 |  808.9 |
       Dungeon |   6968 |   6680 |    288 |   1658 |   3971 |   8 |  871.0 |
        Temple |    311 |    209 |    102 |      0 |    209 |   1 |  311.0 |
               +--------+--------+--------+--------+--------+-----+--------+

Top non-repeatable levels by time:
     D:4: 1623 daAuts
     D:2: 1036 daAuts
     D:5: 960 daAuts
     D:6: 960 daAuts
     D:1: 942 daAuts
     D:7: 651 daAuts
     D:3: 600 daAuts
  Temple: 311 daAuts
     D:8: 193 daAuts
